 Dungeon Crawl Stone Soup version 0.29-a0-337-g68df138881 (webtiles) character file.

Game seed: 12642074163046422118

16 Psyclone the Chiller (level 2, 0/17 HPs)
             Began as an Octopode Ice Elementalist on Apr 16, 2022.
             Slain by a hound (5 damage)
             ... on level 4 of the Dungeon.
             The game lasted 00:02:10 (1582 turns).

Psyclone the Chiller (Octopode Ice Elementalist)    Turns: 1582, Time: 00:02:10

Health: 0/17       AC:  1    Str:  7    XL:     2   Next: 54%
Magic:  4/5        EV: 13    Int: 17    God:
Gold:   38         SH:  0    Dex: 18    Spells: 4/5 levels left

rFire   . . .      SeeInvis .   a - +1 short sword (freeze)
rCold   . . .      Faith    .   (no shield)
rNeg    + + .      Spirit   .   (helmet restricted)
rPois   .          Reflect  .   d - amulet of magic regeneration
rElec   .          Harm     .   c - +6 ring of dexterity
rCorr   .          Rampage  .   i - ring of positive energy
Will    .....                   j - ring of positive energy
Stlth   +++.......              g - ring of flight
HPRegen 0.05/turn               (no ring)
MPRegen 0.49/turn               (no ring)
                                (no ring)
                                (no ring)

@: flying
A: almost no armour, amphibious, 8 rings, camouflage 1, gelatinous body 1,
(nimble swimmer 1), tentacles
a: no special abilities


You were on level 4 of the Dungeon.
You visited 1 branch of the dungeon, and saw 3 of its levels.

You collected 38 gold pieces.

Inventory:

Hand Weapons
 a - a +1 short sword of freezing (weapon)
Jewellery
 c - a +6 ring of dexterity (left tentacle)
 d - an amulet of magic regeneration (around mantle)
 g - a ring of flight (on tentacle)
 i - a ring of positive energy (right tentacle)
 j - a ring of positive energy (on tentacle)
Scrolls
 e - a scroll of vulnerability
 h - a scroll of identify {@r1}
Potions
 b - a potion of magic
 f - a potion of heal wounds


   Skills:
 - Level 2.0 Dodging
 - Level 2.6 Stealth
 - Level 2.0 Spellcasting
 + Level 4.6 Ice Magic


You had 4 spell levels left.
You knew the following spells:

 Your Spells              Type           Power      Damage    Failure   Level
a - Freeze                Ice            68%        1d8       2%          1

Your spell library contained the following spells:

 Spells                   Type           Power      Damage    Failure   Level
 Frozen Ramparts          Ice            34%        1d5       9%          3
 Ozocubu's Armour         Ice            17%        N/A       9%          3
 Hailstorm                Conj/Ice       9%         3d4       58%         4


Dungeon Overview and Level Annotations

Branches:
Dungeon (2/15)

Altars:


Innate Abilities, Weirdness & Mutations

You cannot wear most types of armour.
You are amphibious.
You can wear up to eight rings at the same time.
Your skin changes colour to match your surroundings (Stealth+).
Your rubbery body absorbs attacks. (AC +1, EV +1)
((You are camouflaged when in or above water. (Stealth+)))
You have tentacles for arms and can constrict up to eight enemies at once.


Message History

You fall into a shaft and drop 2 floors!
The shaft crumbles and collapses.
Found a marble ring and 12 gold pieces.
g - a ring of flight
Found a ring mail.
You now have 38 gold pieces (gained 12).
Found a ring of positive energy.
j - a ring of positive energy
j - a ring of positive energy (on tentacle)
You fly up into the air.
g - a ring of flight (on tentacle)
A hound comes into view.
Found a ring mail.
The hound moves out of view.
You see here a ring of resist corrosion.
You barely miss the hound. You grab the hound.
You constrict the hound, but do no damage.
The hound bites you.
You take 1 damage, and have 16/17 hp.
You hit the hound but do no damage. You constrict the hound.
The hound barely misses you. The hound misses you.
You hit the hound but do no damage.
The hound is lightly wounded.
You constrict the hound. The hound closely misses you. The hound bites you.
You take 5 damage, and have 11/17 hp.
MASSIVE DAMAGE!!
You hit the hound. You freeze the hound.
The hound is moderately wounded.
You constrict the hound. The hound bites you.
You take 3 damage, and have 8/17 hp.
Casting: Freeze (safe; 2% risk of failure)
Confirm with . or Enter, or press ? or * to list all spells.
Aiming: Freeze (safe; 2% risk of failure)
Press: ? - help, Shift-Dir - straight line, f - hound
Aim: a hound (moderately wounded, constricted by you)
You freeze the hound.
The hound is severely wounded.
You constrict the hound, but do no damage.
The hound bites you.
* * * LOW HITPOINT WARNING * * *
The hound bites you.
You die...

.. #......###........#
###.# ######## #........#
..... #........#
####..############........#
..........................+
###....♣..#.####........#
#..P♣.P.#.# #........#
#..P♣PPP#.# #........#
##..P..@.#.# #........#
+....Ph###.# ##########
###.#.#..#.# .....#h....
#.#.###....# #.#.. .....[ #
##. ....#. . .....


You could see a hound.

Vanquished Creatures
  2 dart slugs (D:1)
  A giant cockroach (D:1)
  A goblin (D:1)
  2 hobgoblins (D:1)
  A ball python (D:1)
  A frilled lizard (D:1)
  3 kobolds (D:1)
  A rat (D:1)
12 creatures vanquished.

Notes
Turn   | Place    | Note
-------+----------+-------------------------------------------
     0 | D:1      | Psyclone the Octopode Ice Elementalist began the quest for
                  | the Orb.
     0 | D:1      | Reached XP level 1. HP: 11/11 MP: 3/3
   438 | D:1      | Reached XP level 2. HP: 17/17 MP: 5/5
  1526 | D:2      | You fall into a shaft and drop 2 floors!
  1582 | D:4      | Slain by a hound

Illustrated notes

Levels and vault maps discovered:
D:1:      amcnicky_arrival_feature_with_door, layout_basic, serial_glass,
          glass_columns_c, glass_columns_b
D:2:      layout_basic, serial_shops, nicolae_shop_trees
D:4:      layout_basic, serial_forest, infiniplex_forest_straight_4,
          infiniplex_forest_lined_3, infiniplex_forest_end_3,
          infiniplex_forest_lined_3_way, infiniplex_forest_lined_room_3,
          infiniplex_forest_clump_small, infiniplex_forest_3_way,
          infiniplex_forest_lined_3, infiniplex_forest_zigzag_1,
          infiniplex_forest_clump_diagonal, uniq_ijyb, uniq_crazy_yiuf_cottage

Action                   || total
-------------------------++-------
Melee: Short sword       ||    20
       Constrict         ||     4
       Tentacles         ||     2
       Unarmed           ||     1
 Cast: Freeze            ||     9
  Use: Potion            ||     2
       Scroll            ||     1
 Stab: Sleeping          ||     4
Dodge: Dodged            ||    10

Table legend: (Time is in decaauts)
 A = Elapsed time spent in this place.
 B = Non-inter-level travel time spent in this place.
 C = Inter-level travel time spent in this place.
 D = Time resting spent in this place.
 E = Time spent auto-exploring this place.
 F = Levels seen in this place.
 G = Mean time per level.
                   A        B        C        D        E       F      G
               +--------+--------+--------+--------+--------+-----+--------+
         Total |   1580 |   1555 |     25 |    275 |   1113 |   3 |  526.7 |
       Dungeon |   1580 |   1555 |     25 |    275 |   1113 |   3 |  526.7 |
               +--------+--------+--------+--------+--------+-----+--------+

Top non-repeatable levels by time:
     D:1: 1468 daAuts
     D:2: 56 daAuts
     D:4: 55 daAuts
